 Dungeon Crawl Stone Soup version 0.27.1-33-g824d729ab1 (webtiles) character file.

Game seed: 1254710168941806608

2029 Vibber the Sneak (level 9, -3/58 HPs)
             Began as an Octopode Brigand on Dec 28, 2021.
             Was a Priest of Trog.
             Slain by a water moccasin skeleton (4 damage)
             ... on level 6 of the Dungeon.
             The game lasted 00:58:44 (5525 turns).

Vibber the Sneak (Octopode Brigand)                 Turns: 5525, Time: 00:58:44

Health: -3/58      AC:  1    Str: 11    XL:     9   Next: 23%
Magic:  9/9        EV: 14    Int: 14    God:    Trog [***...]
Gold:   169        SH:  0    Dex: 15    Spells: 8/8 levels left

rFire    . . .     SeeInvis .   x - +0 scythe (protect)
rCold    . . .     Faith    .   (shield currently unavailable)
rNeg     . . .     Spirit   .   (helmet restricted)
rPois    .         Reflect  .   u - amulet of magic regeneration
rElec    .         Harm     .   (no ring)
rCorr    .         Rampage  .   (no ring)
Will     .....                  (no ring)
Stlth    +++++.....             (no ring)
HPRegen  0.19/turn              (no ring)
MPRegen  0.36/turn              (no ring)
                                (no ring)
                                (no ring)

@: about to teleport
A: almost no armour, amphibious, 8 rings, camouflage 1, gelatinous body 1,
(nimble swimmer 1), tentacles
a: Renounce Religion, Berserk, Trog's Hand


You were on level 6 of the Dungeon.
You worshipped Trog.
Trog was most pleased with you.
You visited 1 branch of the dungeon, and saw 7 of its levels.

You collected 169 gold pieces.

Inventory:

Hand Weapons
 d - a +1 dagger of holy wrath
 h - a +2 dagger of protection
 l - a +0 giant spiked club
 m - a +2 hunting sling of flaming
 x - a +0 scythe of protection (weapon)
Missiles
 b - 10 poisoned darts (quivered)
 e - 73 stones
 n - 15 sling bullets
 q - a throwing net
 t - 4 silver boomerangs
Jewellery
 u - an amulet of magic regeneration (around mantle)
Wands
 y - a wand of flame (15)
Scrolls
 k - a scroll of enchant armour
 o - a scroll of noise
Potions
 c - 2 potions of might
 j - 2 potions of curing
 p - 2 potions of flight
 s - a potion of mutation
 v - a potion of ambrosia {unknown}
 w - a potion of attraction {unknown}
 z - a potion of resistance {unknown}
 C - a potion of lignification {unknown}


   Skills:
 + Level 4.1 Fighting
 + Level 4.1 Short Blades
 + Level 4.6 Polearms
 + Level 4.4(6.1) Slings
 + Level 6.6(7.3) Throwing
 + Level 3.7 Dodging
 + Level 7.1 Stealth
 + Level 0.2 Evocations


You had 8 spell levels left.
You didn't know any spells.
Your spell library contained the following spells:

 Spells                   Type           Power      Damage    Failure   Level
 Blink                    Tloc           N/A        N/A       41%         2
 Call Canine Familiar     Summ           0%         N/A       65%         3
 Lesser Beckoning         Tloc           0%         N/A       65%         3
 Portal Projectile        Hex/Tloc       0%         N/A       65%         3
 Leda's Liquefaction      Hex/Erth       0%         N/A       96%         4
 Manifold Assault         Tloc           0%         N/A       100%        5


Dungeon Overview and Level Annotations

Branches:
Dungeon (7/15)
 Temple: D:4-7

Altars:
Trog
Zin

Shops:
D:2 **!

Annotations:
D:6 Maggie, Prince Ribbit


Innate Abilities, Weirdness & Mutations

You cannot wear most types of armour.
You are amphibious.
You can wear up to eight rings at the same time.
Your skin changes colour to match your surroundings (Stealth+).
Your rubbery body absorbs attacks. (AC +1, EV +1)
((You are camouflaged near water. (Stealth+)))
You have tentacles for arms and can constrict up to eight enemies at once.


Message History

The phantom completely misses you.
You slash the phantom! Your squeeze misses the phantom.
The phantom is moderately damaged.
The phantom hits you but does no damage. x2
Prince Ribbit blinks!
You hit the phantom but do no damage.
The phantom is moderately damaged.
The phantom hits you.
The phantom blinks!
You blink.
Found a leather armour.
The phantom closely misses you.
You slash the phantom! You squeeze the phantom.
The phantom is severely damaged.
Prince Ribbit blinks!
The phantom hits you.
* * * LOW HITPOINT WARNING * * *
The phantom blinks!
You blink.
The water moccasin skeleton closely misses you.
You barely miss the water moccasin skeleton.
You grab the water moccasin skeleton.
You squeeze the water moccasin skeleton.
The water moccasin skeleton is severely damaged.
You constrict the water moccasin skeleton.
Prince Ribbit blinks!
The phantom hits you.
* * * LOW HITPOINT WARNING * * *
The phantom blinks!
You blink.
You lose your grip on the water moccasin skeleton.
The phantom completely misses you.
The water moccasin skeleton barely misses you.
You barely miss the water moccasin skeleton.
Your grab misses the water moccasin skeleton.
Your squeeze misses the water moccasin skeleton.
The water moccasin skeleton is almost destroyed.
The hound barks!
The phantom closely misses you. The water moccasin skeleton bites you.
* * * LOW HITPOINT WARNING * * *
The phantom misses you. The water moccasin skeleton bites you.
* * * LOW HITPOINT WARNING * * *
As you read the scroll of teleportation, it crumbles to dust.
You feel strangely unstable. The hound bites you.
* * * LOW HITPOINT WARNING * * *
The water moccasin skeleton bites you.
You die...

###########
..........##
.....c.....###
.c...........#
.........h...#
..........@.####
..........ZW...#
............##[#
............## #
................
..
....##.#....####
..
###.$.......##
####
##.........## ..
. #...........#
##.#


You could see a phantom, a centaur (wandering), a hound and a water moccasin
skeleton.

Vanquished Creatures
  A two-headed ogre (D:6)
  Sigmund (D:5)
  Edmund (D:6)
  2 black bears (D:5)
  A sky beast (D:6)
  An ogre (D:4)
  Blork the orc (D:6)
  2 scorpions
  A bullfrog (D:6)
  A bullfrog zombie (D:5)
  2 hounds
  A jelly (D:5)
  Jessica (D:2)
  2 orc wizards
  Natasha (thrice) (D:2)
  An iguana (D:4)
  A hound skeleton (D:4)
  Robin (D:3)
  3 gnolls (D:4)
  4 adders
  2 white imps
  An adder skeleton (D:3)
  A worm (D:2)
  The ghost of comborobin the Covert, a weakling GnDe (D:5)
  A dart slug (D:2)
  11 orcs
  6 ball pythons
  3 endoplasms
  4 giant cockroaches
  17 goblins
  11 hobgoblins
  7 jackals
  6 kobolds
  2 quokkas (D:1)
  3 bats
  A frilled lizard (D:2)
  A quokka skeleton (D:4)
  8 rats
117 creatures vanquished.

Vanquished Creatures (collateral kills)
  An endoplasm (D:3)
  A goblin (D:3)
  A bat (D:3)
3 creatures vanquished.

Vanquished Creatures (others)
  5 plants (D:4)
5 creatures vanquished.

Grand Total: 125 creatures vanquished

Notes
Turn   | Place    | Note
-------+----------+-------------------------------------------
     0 | D:1      | Vibber the Octopode Brigand began the quest for the Orb.
     0 | D:1      | Reached XP level 1. HP: 14/14 MP: 1/1
   591 | D:1      | Reached XP level 2. HP: 18/19 MP: 2/2
   938 | D:1      | Reached skill level 6 in Stealth
  1063 | D:1      | Reached XP level 3. HP: 24/24 MP: 3/3
  1294 | D:1      | Found a faded altar of an unknown god.
  1313 | D:1      | Became a worshipper of Trog the Wrathful
  1313 | D:1      | Reached * piety under Trog
  1847 | D:2      | Found Wustruimm's Distillery.
  1883 | D:2      | Noticed Natasha
  1898 | D:2      | Killed Natasha
  1899 | D:2      | Reached XP level 4. HP: 29/29 MP: 4/4
  2154 | D:2      | Noticed Jessica
  2163 | D:2      | Killed Jessica
  2239 | D:2      | Found Pigif's Assorted Antiques.
  2249 | D:2      | Noticed Natasha
  2260 | D:2      | Killed Natasha
  2261 | D:2      | Reached XP level 5. HP: 34/34 MP: 5/5
  2275 | D:2      | Noticed Natasha
  2282 | D:2      | Killed Natasha
  2289 | D:2      | Found Pati's General Store.
  2545 | D:3      | Noticed Robin
  2577 | D:3      | Reached ** piety under Trog
  2626 | D:3      | Killed Robin
  3313 | D:3      | Reached XP level 6. HP: 24/40 MP: 6/6
  3386 | D:4      | Reached skill level 1 in Slings
  3816 | D:4      | Reached XP level 7. HP: 45/45 MP: 7/7
  4133 | D:5      | Entered Level 5 of the Dungeon
  4180 | D:5      | Reached *** piety under Trog
  4444 | D:5      | Noticed Sigmund
  4455 | D:5      | Killed Sigmund
  4543 | D:5      | Found a glowing silver altar of Zin.
  4621 | D:5      | Noticed comborobin's ghost (weakling GnDe)
  4626 | D:5      | Found a runed translucent door.
  4648 | D:5      | Killed comborobin's ghost
  4649 | D:5      | Reached skill level 5 in Throwing
  4711 | D:5      | Reached XP level 8. HP: 48/52 MP: 8/8
  4736 | D:5      | Reached skill level 1 in Polearms
  4736 | D:5      | Reached skill level 7 in Stealth
  5166 | D:6      | Noticed Blork the orc
  5181 | D:6      | Killed Blork the orc
  5231 | D:6      | Noticed a two-headed ogre
  5235 | D:6      | Noticed Prince Ribbit
  5239 | D:6      | Noticed Edmund
  5245 | D:6      | Killed a two-headed ogre
  5246 | D:6      | Reached XP level 9. HP: 42/58 MP: 9/9
  5511 | D:6      | Noticed Maggie
  5518 | D:6      | Killed Edmund
  5525 | D:6      | HP: 1/58 [hound (4)]
  5525 | D:6      | Slain by a water moccasin skeleton

Illustrated notes

Levels and vault maps discovered:
D:1:      ncdulo_halloftheorcs, layout_basic, hellmonk_ecumenical_altar_zigzags
D:2:      layout_basic, serial_shops, shop_fountains, shop, shop, uniq_jessica,
          uniq_natasha
D:3:      layout_basic, hangedman_decor_slide_cut, uniq_grinder,
          uniq_crazy_yiuf_cottage, uniq_terence, uniq_robin
D:4:      layout_rooms, serial_bayou_ford_a
D:5:      layout_basic, zin_statuary, cheibrodos_sewer_entry_sluice,
          hellmonk_ghost_happy_afterlife, uniq_sigmund
D:6:      layout_rooms, temple_statues, uniq_edmund, uniq_prince_ribbit1,
          uniq_blork_the_orc, uniq_maggie
D:7:      layout_cave_pools, hellmonk_guarded_unrand_vines, uniq_joseph

Skill      XL: |  1  2  3  4  5  6  7  8 |
---------------+-------------------------+-----
Stealth        | 6 7 |  7.1
Throwing       | 3 4 5 6 |  6.6
Slings         | 3 4 |  4.4
Short Blades   | 3 4 |  4.1
Dodging        | 2 3 |  3.7
Fighting       | 3 4 |  4.1
Polearms       | 4 |  4.6
Evocations     | |  0.2

Action                   |  1- 3 |  4- 6 |  7- 9 || total
-------------------------+-------+-------+-------++-------
Melee: Dagger            |    37 |    59 |    46 ||   142
       Constrict         |     8 |    17 |    28 ||    53
       Tentacles         |     5 |     8 |    28 ||    41
       Scythe            |       |       |    55 ||    55
 Fire: Hunting sling     |       |    47 |       ||    47
Throw: Dart              |    48 |    44 |    46 ||   138
       Boomerang         |       |       |     1 ||     1
Invok: Berserk           |     1 |     4 |     2 ||     7
Evoke: Wand              |       |       |     1 ||     1
  Use: Potion            |     3 |     7 |     1 ||    11
       Scroll            |     1 |     5 |     4 ||    10
 Stab: Sleeping          |     1 |       |     1 ||     2
Armor: Skin              |     3 |    20 |    25 ||    48
Dodge: Dodged            |    23 |    57 |    84 ||   164
